 Dungeon Crawl Stone Soup version 0.30-a0-313-gae38170b09 (webtiles) character file.

Game seed: 1664065923466199474

280 KarmaKiller the Sneak (level 6, -8/46 HPs)
             Began as a Vampire Brigand on Oct 26, 2022.
             Mangled by an ice beast (9 damage)
             ... on level 4 of the Dungeon.
             The game lasted 00:28:56 (3714 turns).

KarmaKiller the Sneak (Vampire Brigand)             Turns: 3714, Time: 00:28:57

Health: -8/46      AC:  8    Str: 10    XL:     6   Next: 5%
Magic:  6/6        EV: 11    Int: 14    God:
Gold:   150        SH:  0    Dex: 17    Spells: 5/5 levels left

rFire   . . .      SeeInvis +    a - +2 dagger
rCold   . . .      Faith    .    (no shield)
rNeg    . . .      Spirit   .    w - +0 ring mail
rPois   .          Reflect  .    x - +2 hat
rElec   .          Harm     .    c - +0 cloak
rCorr   .          Rampage  .    (no gloves)
Will    .....                    (no boots)
Stlth   +++.......               (no amulet)
HPRegen 0.47/turn                A - ring of flight
MPRegen 0.10/turn                (no ring)

@: flying, healing quickly
A: alive, fangs 3, see invisible, vampiric 2
a: Exsanguinate


You were on level 4 of the Dungeon.
You visited 1 branch of the dungeon, and saw 4 of its levels.

You collected 150 gold pieces.

Inventory:

Hand Weapons
 a - a +2 dagger (weapon)
Missiles
 d - 15 poisoned darts (quivered)
 q - 2 datura-tipped darts
 y - 3 boomerangs
 z - 16 stones
Armour
 b - a +0 robe
 c - a +0 cloak (worn)
 f - a +0 leather armour
 w - a +0 ring mail (worn)
 x - a +2 hat (worn)
Jewellery
 o - a ring of wizardry
 A - a ring of flight (left hand)
Wands
 G - a wand of iceblast (7)
Scrolls
 j - 3 scrolls of identify {unknown}
 k - a scroll of noise {unknown}
 m - 3 scrolls of vulnerability {unknown}
 u - 2 scrolls of enchant weapon {unknown}
 v - a scroll of butterflies {unknown}
 B - a scroll of magic mapping {unknown}
 C - a scroll of poison {unknown}
Potions
 g - 2 potions of mutation {unknown}
 h - 2 potions of ambrosia {unknown}
 i - 2 potions of brilliance {unknown}
 l - a potion of haste {unknown}
 n - a potion of lignification {unknown}
 p - a potion of attraction {unknown}
 s - a potion of heal wounds {unknown}
 t - 3 potions of might {unknown}
 D - a potion of flight {unknown}
 E - a potion of degeneration {unknown}
 F - a potion of magic {unknown}


   Skills:
 + Level 2.6 Fighting
 + Level 3.7 Short Blades
 + Level 2.3 Throwing
 + Level 1.8 Armour
 + Level 2.1 Dodging
 + Level 7.6 Stealth


You had 5 spell levels left.
You didn't know any spells.
Your spell library contained the following spells:

 Spells                   Type           Power      Damage    Failure   Level
 Sting                    Tmut/Pois      0%         1d3       58%         1
 Ensorcelled Hibernation  Hex/Ice        0%         N/A       73%         2
 Passwall                 Tmut/Erth      0%         N/A       73%         2
 Poisonous Vapours        Pois/Air       0%         N/A       73%         2
 Swiftness                Air            0%         N/A       91%         3
 Manifold Assault         Tloc           0%         N/A       100%        4
 Olgreb's Toxic Radiance  Pois           0%         N/A       100%        4
 Dispersal                Tloc           0%         N/A       100%        6
 Disjunction              Tloc           0%         N/A       100%        8


Dungeon Overview and Level Annotations

Branches:
Dungeon (4/15)
 Temple: D:4-7

Altars:
Wu Jian
Xom


Innate Abilities, Weirdness & Mutations

Your natural rate of healing is accelerated.
You have razor-sharp teeth.
You have supernaturally acute eyesight. (SInv)
You are afflicted with vampirism and can become a bat while bloodless.


Message History

The ice beast barely misses you.
You hit the ice beast.
The ice beast is heavily wounded.
The ice beast closely misses you.
You hit the ice beast.
The ice beast is heavily wounded.
The ice beast barely misses you.
You hit the ice beast but do no damage.
The ice beast is heavily wounded.
The ice beast hits you. The ice beast freezes you!
* * * LOW HITPOINT WARNING * * *
You feel better.
The ice beast hits you but does no damage.
You closely miss the ice beast.
The ice beast is heavily wounded.
You hit the ice beast but do no damage.
The ice beast is heavily wounded.
The ice beast misses you.
You hit the ice beast.
The ice beast is severely wounded.
The ice beast hits you but does no damage.
You closely miss the ice beast.
The ice beast is severely wounded.
The ice beast barely misses you.
You closely miss the ice beast.
You bite the ice beast, but do no damage.
The ice beast is severely wounded.
The ice beast hits you. The ice beast freezes you!
* * * LOW HITPOINT WARNING * * *
You hit the ice beast. You bite the ice beast.
The ice beast is almost dead.
You closely miss the ice beast.
The ice beast is almost dead.
The ice beast hits you but does no damage.
You closely miss the ice beast. You bite the ice beast.
The ice beast is almost dead.
The ice beast hits you.
* * * LOW HITPOINT WARNING * * *
The ice beast freezes you!
You die...

.[........##....##
###########..##.#..#
#.....# #..##.#....
####.....#####...#
#...#
#................#
#...#
#.##.....#####...#
#...# # #...### #..##
#....
##...########.##.##..#
#(..Y@...........# ...
#.#######.########
#...# ##.##.. #.###
#.....# #.# #.....#
?.# #.....# #..
###....# ... ......#
#.#.#####.##.#########


You could see an ice beast.

Vanquished Creatures
  An ogre (D:2)
  An orc wizard (D:3)
  Ijyb (D:4)
  6 adders
  2 worms
  4 dart slugs
  2 orcs (D:3)
  3 bats
  9 endoplasms
  6 giant cockroaches
  5 goblins
  4 hobgoblins
  10 kobolds
  5 quokkas
  9 ball pythons
  3 frilled lizards
  8 rats
79 creatures vanquished.

Vanquished Creatures (others)
  A ball python (D:4)
  2 plants (D:1)
3 creatures vanquished.

Grand Total: 82 creatures vanquished

Notes
Turn   | Place    | Note
-------+----------+-------------------------------------------
     0 | D:1      | KarmaKiller the Vampire Brigand began the quest for the
                  | Orb.
     0 | D:1      | Reached XP level 1. HP: 16/16 MP: 1/1
    82 | D:1      | Reached skill level 6 in Stealth
   200 | D:1      | Reached XP level 2. HP: 22/22 MP: 2/2
   790 | D:1      | Gained mutation: You are afflicted with vampirism and can
                  | become a bat while bloodless. [Vampire growth]
   790 | D:1      | Reached XP level 3. HP: 27/27 MP: 3/3
  1176 | D:2      | Noticed an ogre
  1193 | D:2      | Killed an ogre
  1194 | D:2      | Reached skill level 1 in Armour
  1194 | D:2      | Reached skill level 7 in Stealth
  1194 | D:2      | Reached XP level 4. HP: 8/33 MP: 4/4
  1711 | D:2      | Reached XP level 5. HP: 36/38 MP: 5/5
  2342 | D:3      | Found an ornate altar of the Wu Jian Council.
  2553 | D:3      | Found a shimmering altar of Xom.
  2555 | D:3      | Found a shimmering altar of Xom.
  2661 | D:3      | Found a shimmering altar of Xom.
  3577 | D:4      | Noticed Ijyb
  3608 | D:4      | Killed Ijyb
  3609 | D:4      | Reached XP level 6. HP: 23/46 MP: 6/6
  3675 | D:4      | Noticed an ice beast
  3711 | D:4      | HP: 2/46 [ice beast (14)]
  3714 | D:4      | Mangled by an ice beast

Illustrated notes

Levels and vault maps discovered:
D:1:      lemuel_arrival_river_ford, layout_basic, serial_forest,
          infiniplex_forest_straight_2, infiniplex_forest_clump_small,
          infiniplex_forest_zigzag_1, infiniplex_forest_clump_C,
          infiniplex_forest_zigzag_1, infiniplex_forest_end_1,
          infiniplex_forest_lined_room_3, st_stairs_9
D:2:      layout_loops_cross, minmay_misc_feat_tiny, minmay_misc_feat_pillars,
          minmay_misc_feat_alley, minmay_misc_feat_hallway, grunt_ministairs_15
D:3:      layout_loops_corners, xom_redecorated, general_overflow_altar,
          minmay_starry_boxes
D:4:      layout_basic, uniq_ijyb

Skill      XL: |  1  2  3  4  5 |
---------------+----------------+-----
Stealth        | 6 7 |  7.6
Fighting       | 2 |  2.6
Throwing       | 2 |  2.3
Armour         | 1 |  1.8
Short Blades   | 3 |  3.7
Dodging        | 2 |  2.1

Action                   |  1- 3 |  4- 6 || total
-------------------------+-------+-------++-------
Melee: Dagger            |    75 |   178 ||   253
       Bite              |     3 |    26 ||    29
       Punch             |       |     1 ||     1
Throw: Dart              |    12 |    22 ||    34
  Use: Potion            |       |     2 ||     2
 Stab: Sleeping          |     7 |     7 ||    14
Armor: Leather armour    |    22 |     9 ||    31
       Ring mail         |       |    48 ||    48
Dodge: Dodged            |    36 |    71 ||   107

Table legend: (Time is in decaauts)
 A = Elapsed time spent in this place.
 B = Non-inter-level travel time spent in this place.
 C = Inter-level travel time spent in this place.
 D = Time resting spent in this place.
 E = Time spent auto-exploring this place.
 F = Levels seen in this place.
 G = Mean time per level.
                   A        B        C        D        E       F      G
               +--------+--------+--------+--------+--------+-----+--------+
         Total |   3673 |   3673 |      0 |    106 |      0 |   4 |  918.2 |
       Dungeon |   3673 |   3673 |      0 |    106 |      0 |   4 |  918.2 |
               +--------+--------+--------+--------+--------+-----+--------+

Top non-repeatable levels by time:
     D:1: 1170 daAuts
     D:3: 1137 daAuts
     D:2: 991 daAuts
     D:4: 374 daAuts
